AoeStats
← sir8Lampard

Black Forest

509575124Analyzed
3v3 RM · 7d ago on Sep 27, 2026· 53m 10s· 6 players
Game mode
Random Map
Map size
Normal (6 player)
Population
200
Speed
Normal
Resources
Standard
Victory
Conquest
Starting age
Dark Age
Ending age
Imperial Age
RankedLock teamsTeams togetherTeam positionsShared explorationLock speedFull tech treeHidden civsTurbo modeCheats
Victory
Defeat
🇭🇰 Persians · Hong Kong SAR China
839
+11
🇨🇳 Franks · China
821
+12
🇨🇳 Persians · China
818
+12
🇰🇷 Goths · South Korea
790
-13
🇨🇴 Turks · Colombia
736
-12
🇧🇪 Celts · Belgium
684
-10
Fulgur
0:27 Loom
13:45 Feudal Age
15:52 Double-Bit Axe
21:15 Castle Age
20:21 Fletching
20:35 Padded Archer Armor
21:06 Horse Collar
26:50 Bodkin Arrow
28:21 Gold Mining
31:11 Imperial Age
29:56 Wheelbarrow
29:06 Town Watch
30:17 Gold Mining
32:40 Conscription
37:11 Bloodlines
37:02 Husbandry
38:01 Ballistics
39:18 Bracer
39:33 Leather Archer Armor
40:57 Ring Archer Armor
41:00 Parthian Tactics
40:43 Town Watch
41:39 Guilds
43:14 Treadmill Crane
44:13 Forging
44:09 Scale Barding Armor
43:57 Horse Collar
44:56 Thumb Ring
47:02 Bombard Tower
47:23 Caravan
48:01 Iron Casting
47:46 Chain Barding Armor
48:51 Heavy Cavalry Archer
rananculus
0:32 Loom
12:18 Feudal Age
14:45 Double-Bit Axe
20:10 Castle Age
18:41 Horse Collar
19:00 Stone Mining
19:15 Gold Mining
19:33 Scale Mail Armor
21:43 Bow Saw
22:10 Heavy Plow
23:35 Forging
22:50 Man-at-Arms
25:18 Wheelbarrow
24:29 Town Watch
34:52 Imperial Age
32:01 Pikeman
33:09 Chain Mail Armor
32:54 Long Swordsman
33:38 Squires
34:08 Caravan
35:46 Stone Shaft Mining
35:33 Anarchy
36:37 Ballistics
37:08 Crop Rotation
38:14 Chemistry
38:53 Two-Man Saw
38:45 Hand Cart
39:07 Town Patrol
39:03 Two-Handed Swordsman
39:03 Halberdier
40:10 Champion
42:01 Iron Casting
41:29 Perfusion
41:49 Conscription
41:56 Murder Holes
42:12 Masonry
41:44 Treadmill Crane
44:13 Architecture
43:09 Onager
45:13 Blast Furnace
44:40 Heavy Scorpion
sir8Lampard
0:34 Loom
15:30 Feudal Age
17:10 Wheelbarrow
20:47 Double-Bit Axe
30:27 Castle Age
29:59 Gold Mining
30:00 Stone Mining
35:23 Imperial Age
34:14 Stone Shaft Mining
34:15 Gold Shaft Mining
34:07 Bow Saw
34:29 Fortified Wall
34:37 Horse Collar
38:03 Hand Cart
40:31 Chemistry
40:37 Heavy Scorpion
43:45 Pikeman
Ming
0:26 Loom
11:08 Feudal Age
19:05 Castle Age
16:49 Horse Collar
17:05 Stone Mining
18:11 Gold Mining
22:17 Double-Bit Axe
29:09 Imperial Age
27:36 Wheelbarrow
28:32 Forging
29:29 Bow Saw
30:08 Bloodlines
29:59 Husbandry
30:57 Conscription
31:04 Hand Cart
32:28 Chemistry
33:08 Two-Man Saw
33:30 Onager
33:49 Cavalier
34:55 Scale Barding Armor
35:30 Savar
37:20 Chain Barding Armor
38:41 Plate Barding Armor
37:43 Light Cavalry
38:54 Caravan
41:15 Elite War Elephant
42:34 Hussar
44:21 Iron Casting
47:50 Blast Furnace
46:40 Fletching
彬彬有礼
0:32 Loom
12:43 Feudal Age
17:14 Castle Age
15:54 Double-Bit Axe
18:13 Wheelbarrow
18:32 Bow Saw
32:07 Imperial Age
30:11 Hand Cart
30:42 Husbandry
30:55 Forging
30:51 Scale Barding Armor
32:36 Gold Mining
32:37 Stone Mining
32:56 Heavy Scorpion
34:57 Gold Shaft Mining
33:45 Cavalier
36:58 Chain Barding Armor
37:15 Iron Casting
36:41 Scale Mail Armor
37:51 Conscription
36:52 Elite Throwing Axeman
37:35 Chivalry
38:05 Squires
37:28 Pikeman
38:53 Plate Barding Armor
38:30 Arson
38:31 Gambesons
38:26 Elite Skirmisher
38:27 Cranequins
39:15 Halberdier
39:50 Paladin
43:41 Blast Furnace
42:56 Chain Mail Armor
42:42 Padded Archer Armor
42:32 Fletching
43:45 Chemistry
43:05 Ballistics
42:56 Masonry
42:27 Treadmill Crane
44:31 Siege Engineers
44:22 Murder Holes
48:26 Caravan
旺旺
11:23 Feudal Age
11:51 Double-Bit Axe
19:58 Castle Age
17:53 Stone Mining
17:46 Horse Collar
18:30 Gold Mining
21:05 Heavy Plow
21:19 Bow Saw
28:31 Imperial Age
28:24 Gold Shaft Mining
30:17 Wheelbarrow
31:23 Two-Man Saw
31:03 Hand Cart
31:45 Crop Rotation
32:47 Scale Barding Armor
36:02 Chain Barding Armor
35:52 Forging
35:43 Scale Mail Armor
38:01 Plate Barding Armor
36:51 Elite War Elephant
37:56 Conscription
38:13 Arson
38:31 Squires
37:54 Pikeman
39:07 Chain Mail Armor
39:28 Iron Casting
40:32 Halberdier
42:16 Plate Mail Armor
42:47 Blast Furnace
42:26 Husbandry
42:46 Bloodlines
Connection lost

Rejoining the realm…

Still unreachable

The connection could not be restored.

Session expired

The server has moved on; the page needs a fresh start.